 Dungeon Crawl Stone Soup version 0.31-a0-955-gcb8bc90ed4 (webtiles) character file.

Game seed: 8599716655519930063

865 Conn the Sneak (level 8, 0/46 HPs)
             Began as an Octopode Fire Elementalist on Oct 22, 2023.
             Was a Believer of Zin.
             Slain by a phantom (2 damage)
             ... on level 5 of the Dungeon.
             The game lasted 00:20:12 (4383 turns).

Conn the Sneak (Octopode Fire Elementalist)         Turns: 4383, Time: 00:20:12

Health: 0/46       AC:  5    Str: 17    XL:     8   Next: 3%
Magic:  8/14       EV: 14    Int: 18    God:    Zin [**....]
Gold:   316        SH:  0    Dex: 12    Spells: 3/15 levels left

rFire   . . .        A - +0 dagger (protect)
rCold   . . .        (no shield)
rNeg    . . .        (helmet restricted)
rPois   .            (no amulet)
rElec   .            n - +6 ring of strength
rCorr   .            x - +4 ring of protection
SInv    .            z - ring of willpower
Will    ++...        (no ring)
Stlth   ++++         (no ring)
HPRegen 0.27/turn    (no ring)
MPRegen 0.14/turn    (no ring)
                     (no ring)

%: clarity
@: brilliant, lethally poisoned (0 -> -6), on berserk cooldown, attractive, on
blink cooldown, enlightened, flying, very slightly contaminated, hasted and
slowed
A: almost no armour, amphibious, 8 rings, camouflage 1, gelatinous body 1,
(nimble swimmer 1), tentacles, antennae 1, clarity, strong 1
a: Renounce Religion, Recite, Vitalisation, Donate Gold


You were on level 5 of the Dungeon.
You worshipped Zin.
Zin was pleased with you.
You visited 2 branches of the dungeon, and saw 6 of its levels.
You also visited: Sewer.

You collected 351 gold pieces.
You donated 35 gold pieces to Zin.

Inventory:

Hand Weapons
 a - a +1 short sword of venom
 h - a +0 short sword
 A - a +0 dagger of protection (weapon)
Magical Staves
 b - a staff of conjuration
Jewellery
 n - a +6 ring of strength (left tentacle)
 x - a +4 ring of protection (right tentacle)
 z - a ring of willpower (on tentacle)
Wands
 r - a wand of flame (15)
 s - a wand of mindburst (17)
Scrolls
 c - 6 scrolls of teleportation {unknown}
 e - a scroll of poison
 m - a scroll of fear
 o - 3 scrolls of identify
 p - a scroll of revelation {unknown}
 t - a scroll of vulnerability {unknown}
 u - a scroll of blinking {unknown}
 v - 2 scrolls of enchant armour {unknown}
 y - a scroll of fog {unknown}
 B - a scroll of noise {unknown}
Potions
 l - a potion of haste
 q - 9 potions of magic
 w - a potion of brilliance


   Skills:
 + Level 3.6 Dodging
 + Level 5.2 Stealth
 * Level 4.2 Spellcasting
 * Level 4.1 Conjurations
 * Level 1.8 Hexes
 * Level 1.5 Translocations
 + Level 4.3 Fire Magic
 + Level 1.2 Invocations


You had 3 spell levels left.
You knew the following spells:

 Your Spells              Type           Power      Damage    Failure   Level
a - Foxfire               Conj/Fire      100%       2x1d9     2%          1
b - Scorch                Fire           58%        2d7       3%          2
c - Inner Flame           Hex/Fire       22%        N/A       12%         3
d - Flame Wave            Conj/Fire      28%        2d9       26%         4
e - Blink                 Tloc           28%        N/A       12%         2

Your spell library contained the following spells:

 Spells                   Type           Power      Damage    Failure   Level
 Volatile Blastmotes      Fire/Tloc      42%        2d13      13%         3
 Fulminant Prism          Conj/Hex       10%        3d8       38%         4
 Iskenderun's Mystic Bla  Conj/Tloc      21%        2d6       41%         4
 Manifold Assault         Tloc           14%        N/A       58%         4


Dungeon Overview and Level Annotations

Branches:
Dungeon (5/15)             Temple (1/1) D:4           Sewer (visited)

Altars:
Ashenzari
Dithmenos
Elyvilon
Fedhas
Gozag
Hepliaklqana
Kikubaaqudgha
Nemelex Xobeh
Okawaru
Qazlal
Trog
Uskayaw
Wu Jian
Yredelemnul
Zin
The Shining One

Shops:
D:4 (

Annotations:
D:5 Dowan, Duvessa


Innate Abilities, Weirdness & Mutations

You cannot wear most types of armour.
You are amphibious.
You can wear up to eight rings at the same time.
Your skin changes colour to match your surroundings (Stealth+).
Your rubbery body absorbs attacks. (AC +1, EV +1)
((You are camouflaged when in or above water. (Stealth+)))
You have tentacles for arms and can constrict up to eight enemies at once.
You have a pair of small antennae on your head.
You possess an exceptional clarity of mind.
Your muscles are strong. (Str +4, Int/Dex -1)


Message History

Press: ? - help, Dir - look around, f - activate You feel a surge of power!
A wave of flame ripples out!
The flame wave engulfs the killer bee!
The killer bee is severely wounded.
The flame wave engulfs the killer bee!!
You kill the killer bee! (Press . to intensify the flame waves.)
* * * LOW HITPOINT WARNING * * *
You feel very sick. The killer bee closely misses you.
The killer bee misses you.
Unknown command.
A wave of flame ripples out!
The flame wave engulfs the killer bee!
You kill the killer bee!
The flame wave engulfs the phantom.
The phantom is moderately damaged.
* * * LOW HITPOINT WARNING * * *
You feel very sick. The phantom hits you.
* * * LOW HITPOINT WARNING * * *
The phantom blinks!
You blink.
You have reached level 8!
Okay, then.
Unknown command.
Unknown command.
Okay, then.
Unknown command.
Unknown command.
Okay, then.
Unknown command.
Okay, then.
Unknown command.
Unknown command.
Okay, then.
Casting: Flame Wave (quite dangerous; 26% risk of failure)
Confirm with . or Enter, or press ? or * to list all spells.
Okay, then.
You feel as though your hastened speed will last longer.
* * * LOW HITPOINT WARNING * * *
You feel sick. The phantom hits you.
You die...

#.#.#####..###.#....
..............#.###
#..###...###.#
#..##...†###.#.#
#..†..........W.
#....###.#######
#....### #.# #####
#....#####.####.....
..........W@.?.......
.......#####..........
....... #.......###
...>... #.......#
#..§....# #..§....#
######..... .#### .#


You could see a phantom.

Vanquished Creatures
  A bullfrog (D:4)
  6 killer bees (D:5)
  2 hounds
  2 jellies
  A sleepcap (D:4)
  3 iguanas
  Natasha (thrice) (D:3)
  5 gnolls
  5 adders
  3 river rats (Sewer)
  2 worms
  A dart slug (D:1)
  6 orcs
  12 ball pythons
  13 endoplasms
  6 giant cockroaches
  6 goblins
  2 hobgoblins (D:4)
  6 jackals
  8 quokkas
  A ball python skeleton (D:2)
  6 bats
  9 frilled lizards
  9 kobolds
  A quokka skeleton (D:2)
  7 rats
126 creatures vanquished.

Vanquished Creatures (others)
  301 foxfires
301 creatures vanquished.

Grand Total: 427 creatures vanquished

Notes
Turn   | Place    | Note
-------+----------+-------------------------------------------
     0 | D:1      | Conn the Octopode Fire Elementalist began the quest for the
                  | Orb.
     0 | D:1      | Reached XP level 1. HP: 11/11 MP: 3/3
   199 | D:1      | Reached XP level 2. HP: 17/17 MP: 0/5
   202 | D:1      | Learned a level 2 spell: Scorch
   217 | D:1      | Reached skill level 3 in Stealth
   975 | D:2      | Reached XP level 3. HP: 21/21 MP: 4/6
   979 | D:2      | Learned a level 3 spell: Inner Flame
  1760 | D:3      | Reached XP level 4. HP: 27/27 MP: 2/7
  1947 | D:3      | Noticed Natasha
  1960 | D:3      | Found a hazy altar of Hepliaklqana.
  1967 | D:3      | Killed Natasha
  2023 | D:3      | Identified the +0 pair of boots of Atheism {-Tele Rampage
                  | rN+ Int+3}
  2172 | D:3      | Noticed Natasha
  2177 | D:3      | Killed Natasha
  2178 | D:3      | Reached XP level 5. HP: 22/31 MP: 2/9
  2181 | D:3      | Found a blossoming altar of Fedhas.
  2515 | D:4      | Reached skill level 4 in Stealth
  2522 | D:3      | Noticed Natasha
  2525 | D:3      | Killed Natasha
  2661 | D:4      | Found a staircase to the Ecumenical Temple.
  2667 | Temple   | Entered the Ecumenical Temple
  2736 | Temple   | Became a worshipper of Zin the Law-Giver
  2736 | Temple   | Reached * piety under Zin
  2813 | D:4      | Found a hide-covered altar of Uskayaw.
  2827 | D:4      | Reached XP level 6. HP: 26/36 MP: 2/11
  3061 | D:4      | Found an opulent altar of Gozag.
  3173 | D:4      | Reached ** piety under Zin
  3228 | D:4      | Found a glowing golden altar of the Shining One.
  3294 | D:4      | Found Acsoap's Weapon Shop.
  3496 | D:5      | Entered Level 5 of the Dungeon
  3496 | D:5      | Noticed Dowan
  3498 | D:5      | Noticed Duvessa
  3535 | D:5      | Reached XP level 7. HP: 17/41 MP: 7/12
  3633 | D:4      | Learned a level 4 spell: Flame Wave
  3636 | D:4      | Learned a level 2 spell: Blink
  3701 | D:5      | Found a glowing drain.
  3708 | Sewer    | Entered a sewer
  4137 | Sewer    | Found a viscous altar of Jiyva.
  4145 | Sewer    | Reached skill level 1 in Hexes
  4353 | D:5      | Reached skill level 5 in Stealth
  4358 | D:5      | Reached skill level 1 in Translocations
  4363 | D:5      | Reached skill level 1 in Invocations
  4366 | D:5      | HP: 1/41 [poisoned by a killer bee]
  4377 | D:5      | Gained mutation: Your muscles are strong. (Str +4, Int/Dex
                  | -1) [potion of mutation]
  4377 | D:5      | Gained mutation: You have a pair of small antennae on your
                  | head. [potion of mutation]
  4377 | D:5      | Gained mutation: You possess an exceptional clarity of
                  | mind. [potion of mutation]
  4383 | D:5      | Reached XP level 8. HP: 4/46 MP: 8/14
  4383 | D:5      | HP: 2/46 [poisoned by a killer bee]
  4383 | D:5      | Slain by a phantom

Illustrated notes

Levels and vault maps discovered:
D:1:      wheals_arrival_linesprint, layout_loops_ring, solitary_fountain
D:2:      layout_loops_ring, serial_undead, serial_undead_c, serial_undead_d,
          serial_undead_e, serial_undead_d, minmay_close_crescents
D:3:      layout_basic, fedhas_altar_1, mainiacjoe_overflow_cross_hatched,
          minmay_misc_feat_tower, st_stairs_14, uniq_natasha
D:4:      layout_rooms, marbit_many_paths, nicolae_overflow_hidden_temple,
          eat_drink_and_be_merry_uskayaw, minmay_temple_entry_fiery,
          serial_shops, nicolae_diamond_shop
D:5:      layout_basic, mainiacjoe_sewer_entry_somewhere_in_here_2,
          uniq_grinder, uniq_duvessa
Temple:   nicolae_temple_bog_church

Skill      XL: |  1  2  3  4  5  6  7 |
---------------+----------------------+-----
Stealth        | 3 4 5 |  5.2
Conjurations   | 2 3 4 |  4.1
Spellcasting   | 3 4 |  4.2
Dodging        | 3 |  3.6
Fire Magic     | 4 |  4.3
Hexes          | 1 |  1.8
Translocations | 1 |  1.5
Invocations    | 1 |  1.2

Action                     |  1- 3 |  4- 6 |  7- 9 || total
---------------------------+-------+-------+-------++-------
  Melee: Unarmed           |     6 |       |       ||     6
         Constrict         |     7 |    10 |     7 ||    24
         Tentacles         |     6 |    12 |     5 ||    23
         Short sword       |     6 |    33 |       ||    39
         Dagger            |       |     3 |    16 ||    19
   Cast: Foxfire           |    58 |    56 |    67 ||   181
         Scorch            |     2 |    13 |     8 ||    23
         Blink             |       |       |     3 ||     3
         Inner Flame       |       |       |     1 ||     1
         Flame Wave        |       |       |     1 ||     1
 Invoke: Recite            |       |     1 |       ||     1
    Use: Scroll            |       |     2 |       ||     2
         Potion            |       |       |     9 ||     9
   Stab: Sleeping          |     3 |    13 |       ||    16
 Armour: Skin              |    10 |    18 |    33 ||    61
  Dodge: Dodged            |    13 |    29 |    38 ||    80

Table legend: (Time is in decaauts)
 A = Elapsed time spent in this place.
 B = Non-inter-level travel time spent in this place.
 C = Inter-level travel time spent in this place.
 D = Time resting spent in this place.
 E = Time spent auto-exploring this place.
 F = Levels seen in this place.
 G = Mean time per level.
                   A        B        C        D        E       F      G
               +--------+--------+--------+--------+--------+-----+--------+
         Total |   4376 |   4274 |    102 |    155 |   2635 |   7 |  625.1 |
       Dungeon |   3688 |   3586 |    102 |    155 |   2215 |   5 |  737.6 |
        Temple |     88 |     88 |      0 |      0 |      0 |   1 |   88.0 |
         Sewer |    599 |    599 |      0 |      0 |    420 |   1 |  599.0 |
               +--------+--------+--------+--------+--------+-----+--------+

Top non-repeatable levels by time:
     D:4: 930 daAuts
     D:2: 890 daAuts
     D:1: 866 daAuts
     D:3: 829 daAuts
   Sewer: 599 daAuts
     D:5: 172 daAuts
  Temple: 88 daAuts
